 Dungeon Crawl Stone Soup version 0.30.0-29-ga12c61a403 (webtiles) character file.

Game seed: 11088572937359718478

1901 hawla the Basher (level 9, -1/62 HPs)
             Began as a Meteoran Fire Elementalist on June 9, 2023.
             Was an Initiate of Vehumet.
             Shot with an arrow by a centaur (7 damage)
             ... on level 8 of the Dungeon.
             The game lasted 00:15:32 (3128 turns).

hawla the Basher (Meteoran Fire Elementalist)       Turns: 3128, Time: 00:15:33

Health: -1/62      AC:  6    Str: 12    XL:     9   Next: 64%
Magic:  15/16      EV: 13    Int: 23    God:    Vehumet [......]
Gold:   347        SH:  5    Dex: 14    Spells: 10/17 levels left

rFire   + . .        k - +4 flail (drain)
rCold   . . .        (no shield)
rNeg    . . .        a - +2 robe
rPois   .            (no helmet)
rElec   .            (no cloak)
rCorr   +            b - +0 pair of gloves
SInv    +            o - +0 pair of boots
Will    ++...        d - amulet of reflection
Stlth   +            c - ring of see invisible
HPRegen 0.30/turn    r - ring "Xiturr" {*Slow rF+ Will+ rCorr Str+3}
MPRegen 0.15/turn

%: slow self (1%), reflection
@: glowing
A: sense surroundings 2, otherworldly, glowing, explore regen
a: Renounce Religion


You were on level 8 of the Dungeon.
You worshipped Vehumet.
Vehumet was noncommittal.
You visited 2 branches of the dungeon, and saw 9 of its levels.
You also visited: Sewer.

You collected 347 gold pieces.

Inventory:

Hand Weapons
 k - a +4 flail of draining (weapon)
Armour
 a - a +2 robe (worn)
 b - a +0 pair of gloves (worn)
 o - a +0 pair of boots (worn)
Jewellery
 c - a ring of see invisible (left hand)
 d - an amulet of reflection (around neck)
 r - the ring "Xiturr" (right hand) {*Slow rF+ Will+ rCorr Str+3}
   (You found it on level 6 of the Dungeon)

   [ring of protection from fire]

   Str:       It affects your strength (+3).
   rF:        It protects you from fire.
   rCorr:     It protects you from acid and corrosion.
   *Slow:     It may slow you when you take damage.
   Will:      It increases your willpower.
Wands
 j - a wand of quicksilver (8) (quivered)
Scrolls
 f - 6 scrolls of teleportation
 h - a scroll of enchant armour
 l - 2 scrolls of blinking
Potions
 e - a potion of might
 g - 3 potions of haste
 i - a potion of curing
 m - 2 potions of cancellation
 n - a potion of brilliance
 p - 5 potions of degeneration {unknown}
 q - a potion of lignification
 s - 3 potions of flight {unknown}
 t - 2 potions of heal wounds {unknown}


   Skills:
 + Level 11.4 Maces & Flails
 - Level 3.0 Dodging
 - Level 1.4 Stealth
 - Level 4.5 Spellcasting
 - Level 5.7 Conjurations
 - Level 5.7 Fire Magic
 - Level 3.0 Evocations


You had 10 spell levels left.
You knew the following spells:

 Your Spells              Type           Power      Damage    Failure   Level
a - Foxfire               Conj/Fire      100%       2x1d9     1%          1
b - Scorch                Fire           62%        2d7       1%          2
c - Flame Wave            Conj/Fire      31%        2d9       10%         4

Your spell library contained the following spells:

 Spells                   Type           Power      Damage    Failure   Level
 Inner Flame              Hex/Fire       18%        N/A       9%          3
 Volatile Blastmotes      Fire/Tloc      36%        2d13      9%          3
 Ensorcelled Hibernation  Hex/Ice        10%        N/A       16%         2
 Portal Projectile        Hex/Tloc       10%        N/A       30%         3
 Spider Form              Tmut/Pois      5%         N/A       30%         3
 Tukima's Dance           Hex            5%         N/A       30%         3
 Anguish                  Hex/Necr       2%         N/A       69%         4
 Blade Hands              Tmut           2%         N/A       95%         5


Dungeon Overview and Level Annotations

Branches:
Dungeon (8/15) Zot: 2179   Temple (1/1) D:7 Zot: 488   Sewer (visited)
   Lair: D:8-11

Altars:
Ashenzari
Cheibriados
Dithmenos
Elyvilon
Fedhas
Hepliaklqana
Kikubaaqudgha
Nemelex Xobeh
Okawaru
Ru
Sif Muna
Trog
Uskayaw
Vehumet
Wu Jian
Xom
Yredelemnul
Zin
The Shining One


Innate Abilities, Weirdness & Mutations

You passively map the area around you.
You are easily found by Zot.
You glow in the dark.
You regain HP and MP as you explore.


Message History

Confirm with . or Enter, or press ? or * to list all spells.
You conjure some foxfire!
A centaur comes into view.
Casting: Foxfire (safe; 1% risk of failure)
Confirm with . or Enter, or press ? or * to list all spells.
You conjure some foxfire!
The centaur shoots an arrow.
The arrow hits you!
The foxfire hits the centaur.
The centaur is moderately wounded.
A centaur comes into view.
The centaur wields a +0 shortbow.
The centaur shoots an arrow.
You block the arrow with an invisible shield... and reflect it back!
The arrow completely misses the centaur.
The arrow hits the centaur!
Unknown command.
The foxfire hits the centaur.
The centaur is heavily wounded.
The centaur shoots an arrow.
The arrow hits you.
A centaur comes into view.
The centaur shoots an arrow.
The arrow closely misses you.
The foxfire hits the centaur but does no damage.
The centaur is heavily wounded.
The foxfire hits the centaur.
The centaur is lightly wounded.
The centaur shoots an arrow.
The arrow hits you.
The centaur shoots an arrow.
The arrow hits you! The arrow freezes you.
The centaur shoots an arrow.
The arrow completely misses you.
The centaur wields a +0 shortbow.
The centaur shoots an arrow.
The arrow closely misses you.
The centaur wields a +0 shortbow.
The centaur shoots an arrow.
The arrow hits you.
The centaur shoots an arrow.
You block the arrow with an invisible shield... and reflect it back!
The arrow hits the centaur.
The centaur shoots an arrow.
The arrow hits you.
The centaur wields a +0 shortbow.
The centaur shoots an arrow.
The arrow hits you!
* * * LOW HITPOINT WARNING * * *
The centaur shoots an arrow.
The arrow closely misses you.
The centaur shoots an arrow.
The arrow hits you!
* * * LOW HITPOINT WARNING * * *
The centaur shoots an arrow.
The arrow hits you!
You die...

~ ~ *+#..≈≈≈≈≈≈≈≈≈≈# *,*
~ .......c≈≈≈≈≈≈≈≈≈≈# ,*
~ ≈...ccc≈≈≈≈≈≈≈≈≈≈≈##*
* ,* ~
≈≈≈cc≈≈≈≈≈≈≈≈≈≈≈≈≈.#*
~≈≈≈≈≈≈≈≈≈≈≈≈≈≈≈≈≈# , *
~≈≈≈≈≈≈§≈≈≈≈≈≈≈.###.#*,,
,..≈≈≈≈≈≈≈≈..<....... ,
* * ,
.....≈≈≈≈.......##.# , ,
###@......).#*,
####......... ,, ,
###.#####.. , * #.# ,.,
, #.# , , *, #.# ** * .#
, * , , * , , , , ,


You could see 6 centaurs.

Vanquished Creatures
  A water moccasin (D:6)
  2 sky beasts (D:6)
  5 ice beasts
  2 ogres
  A phantom (D:6)
  A centaur (D:7)
  3 kobold brigands
  A bullfrog (D:6)
  2 howler monkeys
  A jelly (D:6)
  An orc priest (D:7)
  2 hounds
  4 iguanas
  A sleepcap (D:6)
  8 gnolls
  8 adders
  A river rat (Sewer)
  3 ufetubi (D:6)
  3 worms (Sewer)
  2 dart slugs (D:5)
  8 orcs
  4 endoplasms
  A giant cockroach (D:4)
  2 goblins
  3 hobgoblins
  2 jackals (D:2)
  15 kobolds
  A quokka (D:4)
  6 ball pythons
  3 rats (Sewer)
97 creatures vanquished.

Vanquished Creatures (others)
  190 foxfires
190 creatures vanquished.

Grand Total: 287 creatures vanquished

Notes
Turn   | Place    | Note
-------+----------+-------------------------------------------
     0 | D:1      | hawla the Meteoran Fire Elementalist began the quest for
                  | the Orb.
     0 | D:1      | Reached XP level 1. HP: 14/14 MP: 5/5
   105 | D:2      | Found a faded altar of an unknown god.
   129 | D:2      | Reached XP level 2. HP: 20/20 MP: 2/6
   132 | D:2      | Learned a level 2 spell: Scorch
   225 | D:4      | Reached XP level 3. HP: 26/26 MP: 1/8
   230 | D:4      | Reached XP level 4. HP: 27/33 MP: 6/10
   249 | D:4      | Noticed an ogre
   253 | D:4      | Killed an ogre
   254 | D:4      | Reached skill level 5 in Fire Magic
   254 | D:4      | Reached XP level 5. HP: 14/38 MP: 2/12
   590 | D:4      | Reached XP level 6. HP: 45/45 MP: 8/13
   703 | D:4      | Learned a level 4 spell: Flame Wave
   898 | D:5      | Entered Level 5 of the Dungeon
   951 | D:5      | Noticed an ice beast
   963 | D:5      | Killed an ice beast
   964 | D:5      | Reached XP level 7. HP: 50/50 MP: 4/14
  1064 | D:5      | Reached skill level 5 in Conjurations
  1108 | D:5      | Found a snail-covered altar of Cheibriados.
  1250 | D:5      | Found a hazy altar of Hepliaklqana.
  1282 | D:5      | Reached skill level 1 in Evocations
  1403 | D:5      | Reached skill level 1 in Maces & Flails
  1403 | D:5      | Found a glowing drain.
  1412 | Sewer    | Entered a sewer
  1423 | Sewer    | Reached skill level 2 in Maces & Flails
  1586 | Sewer    | Reached skill level 3 in Maces & Flails
  1586 | Sewer    | Reached XP level 8. HP: 35/57 MP: 5/15
  1801 | Sewer    | Glimpsed the power of Zot.
  1850 | D:6      | Identified a scroll of acquirement
  1850 | D:6      | Acquired an amulet of reflection
  1867 | D:6      | Reached skill level 4 in Maces & Flails
  2044 | D:6      | Reached skill level 5 in Maces & Flails
  2046 | D:6      | Reached skill level 6 in Maces & Flails
  2121 | D:6      | Reached skill level 7 in Maces & Flails
  2131 | D:6      | Identified the ring "Xiturr" {*Slow rF+ Will+ rCorr Str+3}
  2136 | D:6      | Found a sparkling altar of Nemelex Xobeh.
  2254 | D:6      | Reached skill level 8 in Maces & Flails
  2254 | D:6      | Gained mutation: You passively map the area around you.
                  | [Meteoran growth]
  2254 | D:6      | Reached XP level 9. HP: 61/62 MP: 1/16
  2290 | D:6      | Reached skill level 9 in Maces & Flails
  2469 | D:6      | Reached skill level 10 in Maces & Flails
  2631 | D:7      | Identified the +3 leather armour of Tulips {*Slow rElec rN+
                  | Str+3}
  2715 | D:7      | Reached skill level 11 in Maces & Flails
  2941 | D:7      | Found a staircase to the Ecumenical Temple.
  3000 | Temple   | Entered the Ecumenical Temple
  3091 | Temple   | Became a worshipper of Vehumet
  3128 | D:8      | Shot with an arrow by a centaur

Illustrated notes

Levels and vault maps discovered:
D:1:      tarquinn_simple_flora_water_c, layout_basic
D:2:      layout_basic, shapermc_ecumenical_altar_totnotflames
D:3:      layout_loops_ring
D:4:      layout_loops_ring, grunt_ministairs_12
D:5:      layout_basic, nzn_hepliaklqana_mist_gate, amcnicky_altar_gilded,
          portal_sewer_entry_d
D:6:      layout_loops_ring, nemelex_xobeh_ov_fountains_minmay
D:7:      layout_layer_cave, minmay_temple_entry_proselytizer,
          hangedman_abyss_or_decor_stabs
D:8:      layout_loops_corners, grunt_gozag_statues,
          gammafunk_ghost_wrathful_warriors, enter_ossuary_3, serial_shops,
          nicolae_shop_getting_attention, centaur_isle
Temple:   lightli_temple_of_artemis

Skill      XL: |  1  2  3  4  5  6  7  8  9 |
---------------+----------------------------+-----
Spellcasting   | 3 4 |  4.5
Fire Magic     | 4 5 |  5.7
Dodging        | 3 |  3.0
Conjurations   | 2 4 5 |  5.7
Evocations     | 2 3 |  3.0
Maces & Flails | 3 8 11 | 11.4
Stealth        | |  1.4

Action                     |  1- 3 |  4- 6 |  7- 9 || total
---------------------------+-------+-------+-------++-------
  Melee: Unarmed           |     2 |       |       ||     2
         Flail             |       |       |    28 ||    28
   Cast: Foxfire           |    22 |    21 |    74 ||   117
         Scorch            |     2 |    17 |    36 ||    55
         Flame Wave        |       |       |     3 ||     3
    Use: Scroll            |     1 |     5 |     8 ||    14
         Potion            |     1 |       |       ||     1
 Armour: Robe              |       |       |    18 ||    18
  Dodge: Dodged            |     2 |     2 |    25 ||    29
  Block: Other             |       |       |    10 ||    10
         Reflection        |       |       |     3 ||     3
